 Dungeon Crawl Stone Soup version 0.30-a0-368-g86fb4627a9 (webtiles) character file.

Game seed: 2659229104306758560

4159 Hubris850 the Martial Artist (level 10, 0/70 HPs)
             Began as a Merfolk Gladiator on Nov 18, 2022.
             Was a Believer of Sif Muna.
             Slain by a gnoll
             ... wielding a +0 spear
              (2 damage)
             ... in a bailey.
             The game lasted 00:25:38 (6792 turns).

Hubris850 the Martial Artist (Merfolk Gladiator)    Turns: 6792, Time: 00:25:39

Health: 0/70       AC: 17    Str: 15    XL:     10   Next: 28%
Magic:  17/17      EV: 12    Int: 12    God:    Sif Muna [**....]
Gold:   329        SH:  0    Dex: 10    Spells: 15/18 levels left

rFire   + . .      SeeInvis .    y - +9 war axe "Bott" {vorpal, rPois rF+ Will++ Dex-5}
rCold   . . .      Faith    .    (no shield)
rNeg    . . .      Spirit   .    E - +0 swamp dragon scales
rPois   +          Reflect  .    b - +1 helmet
rElec   .          Harm     .    D - +2 cloak
rCorr   .          Rampage  .    (no gloves)
Will    +++..                    i - +0 pair of boots
Stlth   ..........               (no amulet)
HPRegen 0.31/turn                h - +4 ring of protection
MPRegen 0.15/turn                z - ring of willpower

@: weakened, studying Air Magic
A: (nimble swimmer 2), mertail
a: Renounce Religion, Channel Magic


You were in a bailey.
You worshipped Sif Muna.
Sif Muna was pleased with you.
You visited 2 branches of the dungeon, and saw 8 of its levels.
You also visited: Sewer and Bailey.

You collected 329 gold pieces.

Inventory:

Hand Weapons
 e - a +0 dagger
 m - a +2 dagger of flaming
 y - the +9 war axe "Bott" (weapon) {vorpal, rPois rF+ Will++ Dex-5}
   (You found it on level 5 of the Dungeon)

   It inflicts extra damage upon your enemies.
   Dex:       It affects your dexterity (-5).
   rF:        It protects you from fire.
   rPois:     It protects you from poison.
   Will:      It greatly increases your willpower.
Missiles
 c - 5 throwing nets
 d - a javelin
 g - 4 poisoned darts
 G - 6 boomerangs (quivered)
Armour
 a - a +0 leather armour
 b - a +1 helmet (worn)
 i - a +0 pair of boots (worn)
 k - a +0 chain mail
 l - a +0 ring mail
 B - a +0 cloak
 D - a +2 cloak (worn)
 E - +0 swamp dragon scales (worn)
Jewellery
 h - a +4 ring of protection (left hand)
 z - a ring of willpower (right hand)
Wands
 C - a wand of polymorph (10)
Scrolls
 f - 3 scrolls of identify
 r - 2 scrolls of teleportation
 s - a scroll of fear
 w - a scroll of vulnerability
 x - a scroll of immolation
 A - 2 scrolls of butterflies
 H - a scroll of summoning {unknown}
Potions
 j - a potion of attraction
 n - 2 potions of lignification
 p - 2 potions of berserk rage
 q - 2 potions of brilliance
 t - 5 potions of flight
 u - 2 potions of resistance
 v - a potion of mutation
 F - 2 potions of curing


   Skills:
 - Level 3.0 Fighting
 - Level 4.8 Throwing
 - Level 5.5 Dodging
 - Level 10.0 Unarmed Combat
 + Level 4.7 Spellcasting
 + Level 6.1 Transmutations
 + Level 5.7 Ice Magic
 + Level 4.2 Air Magic


You had 15 spell levels left.
You knew the following spells:

 Your Spells              Type           Power      Damage    Failure   Level
a - Frozen Ramparts       Ice            32%        1d5       12%         3

Your spell library contained the following spells:

 Spells                   Type           Power      Damage    Failure   Level
 Shock                    Conj/Air       28%        1d4       17%         1
 Swiftness                Air            13%        N/A       22%         3
 Poisonous Vapours        Pois/Air       14%        N/A       26%         2
 Cigotuvi's Dreadful Rot  Necr/Pois/Air  12%        N/A       34%         2
 Ice Form                 Ice/Tmut       17%        N/A       34%         4
 Mephitic Cloud           Conj/Pois/Air  6%         N/A       56%         3
 Airstrike                Air            6%         2d(1-17)  56%         4
 Summon Ice Beast         Ice/Summ       9%         N/A       77%         4


Dungeon Overview and Level Annotations

Branches:
Dungeon (7/15)             Temple (1/1) D:4           Sewer (visited)
 Bailey (1/1)

Altars:
Cheibriados
Dithmenos
Elyvilon
Fedhas
Gozag
Hepliaklqana
Kikubaaqudgha
Makhleb
Nemelex Xobeh
Okawaru
Sif Muna
Trog
Uskayaw
Vehumet
The Shining One

Shops:
D:4 ?


Innate Abilities, Weirdness & Mutations

((You are very nimble when in or above water. (Stealth+, EV+, Speed+++)))
Your lower body shifts to a powerful aquatic tail in water.


Message History

The gnoll sergeant is no longer moving quickly.
The gnoll bouda barely misses you. The gnoll sergeant closely misses you.
You feel less invigorated.
You feel less confused. The wolf barely misses you.
The gnoll bouda hits you with a +0 halberd.
* * * LOW HITPOINT WARNING * * *
The gnoll sergeant closely misses you. The gnoll barely misses you.
The wolf barely misses you.
You hit the gnoll bouda.
You punch the gnoll bouda, but do no damage.
The gnoll bouda is lightly wounded.
You hit the wolf. The wolf bites you.
* * * LOW HITPOINT WARNING * * *
A wolf comes into view.
The gnoll bouda hits you but does no damage.
The gnoll sergeant hits you from afar with a +0 glaive!
* * * LOW HITPOINT WARNING * * *
The gnoll completely misses you. The wolf bites you but does no damage.
You hit the gnoll bouda.
The gnoll bouda is heavily wounded.
You hit the wolf but do no damage. The wolf bites you but does no damage.
The gnoll bouda hits you with a +0 halberd.
* * * LOW HITPOINT WARNING * * *
The gnoll sergeant misses you. The gnoll closely misses you.
The wolf bites you but does no damage.
The gnoll bouda gazes fiercely through you!
You feel as though you will be weak longer.
The gnoll bouda hits you with a +0 halberd.
* * * LOW HITPOINT WARNING * * *
The gnoll sergeant closely misses you. The gnoll completely misses you.
The wolf barely misses you.
You hit the gnoll bouda.
The gnoll bouda is severely wounded.
You miss the wolf. The wolf bites you but does no damage.
The gnoll bouda barks out a call to the hunt!
The gnoll sergeant picks up the pace!
The gnoll sergeant hits you but does no damage.
The gnoll hits you from afar with a +0 spear.
You die...

♣≈# #.......# ♣≈#
#...8...# ♣≈#.
#.......# ♣≈#..
##.....## ♣≈#...
##...## ♣≈#8...
##'##
♣≈#....g#g)(#
♣≈##..hggh..+
♣≈.##...#g@.#
♣≈..#####...#
♣≈............
♣≈≈.............
♣♣≈≈≈≈≈≈≈≈≈≈≈≈≈≈≈≈
♣♣♣♣♣♣♣♣♣♣♣♣♣♣♣♣


You could see a gnoll sergeant (swift), 2 wolves, a gnoll bouda and 3 gnolls.

Vanquished Creatures
  Maggie (D:6)
  6 yaks
  2 water moccasins (D:7)
  A black bear (D:7)
  An orc warrior (D:7)
  3 sky beasts
  4 ice beasts
  2 centaurs
  An ogre (D:5)
  3 bullfrogs
  4 scorpions
  2 gnoll sergeants (Bailey)
  4 wights (D:7)
  Crazy Yiuf (D:6)
  4 hounds
  A jelly (D:5)
  An orc priest (D:6)
  2 gnoll boudas
  4 iguanas
  6 orc wizards
  14 gnolls
  13 adders
  4 river rats (Sewer)
  10 worms
  2 dart slugs
  25 orcs
  18 ball pythons
  8 bats
  5 endoplasms
  6 giant cockroaches
  7 goblins
  9 hobgoblins
  18 jackals
  8 quokkas
  5 frilled lizards
  6 kobolds
  A rat (D:2)
212 creatures vanquished.

Notes
Turn   | Place    | Note
-------+----------+-------------------------------------------
     0 | D:1      | Hubris850 the Merfolk Gladiator began the quest for the
                  | Orb.
     0 | D:1      | Reached XP level 1. HP: 16/16 MP: 1/1
   226 | D:1      | Reached XP level 2. HP: 23/23 MP: 2/2
   813 | D:2      | Reached XP level 3. HP: 28/28 MP: 3/3
  1188 | D:2      | HP: 1/28 [hobgoblin (2)]
  1479 | D:2      | Reached XP level 4. HP: 35/35 MP: 4/4
  1744 | D:3      | Reached skill level 4 in Unarmed Combat
  1851 | D:3      | Found a glowing drain.
  1879 | Sewer    | Entered a sewer
  1893 | Sewer    | Reached skill level 5 in Dodging
  2086 | Sewer    | Reached XP level 5. HP: 37/41 MP: 5/5
  3195 | D:4      | Reached XP level 6. HP: 47/47 MP: 6/6
  3230 | D:4      | Reached skill level 5 in Unarmed Combat
  3321 | D:4      | Found Orchostot's Magic Scroll Shop.
  3362 | D:4      | Found a staircase to the Ecumenical Temple.
  3416 | Temple   | Entered the Ecumenical Temple
  3574 | Temple   | Became a worshipper of Sif Muna the Loreminder
  3606 | D:4      | Found a sparkling altar of Nemelex Xobeh.
  3757 | D:4      | Reached XP level 7. HP: 23/52 MP: 7/7
  3908 | D:4      | Found a radiant altar of Vehumet.
  4035 | D:4      | Reached skill level 6 in Unarmed Combat
  4299 | D:5      | Entered Level 5 of the Dungeon
  4322 | D:5      | Reached skill level 7 in Unarmed Combat
  4427 | D:5      | Found an iron altar of Okawaru.
  4478 | D:5      | Reached * piety under Sif Muna
  4643 | D:5      | Identified the +9 war axe "Bott" {vorpal, rPois rF+ Will++
                  | Dex-5}
  4661 | D:5      | Reached skill level 8 in Unarmed Combat
  4661 | D:5      | Reached XP level 8. HP: 49/58 MP: 8/8
  5215 | D:6      | Found a runed translucent door.
  5216 | D:6      | Noticed Crazy Yiuf
  5221 | D:6      | Killed Crazy Yiuf
  5308 | D:6      | Reached skill level 9 in Unarmed Combat
  5476 | D:6      | Reached skill level 10 in Unarmed Combat
  5566 | D:6      | Reached skill level 1 in Spellcasting
  5566 | D:6      | Reached skill level 1 in Ice Magic
  5614 | D:6      | Reached skill level 1 in Air Magic
  5614 | D:6      | Reached XP level 9. HP: 63/63 MP: 9/11
  5635 | D:6      | Noticed Maggie
  5649 | D:6      | Killed Maggie
  5709 | D:6      | Found a white marble altar of Elyvilon.
  6121 | D:6      | Reached ** piety under Sif Muna
  6346 | D:7      | Reached skill level 5 in Transmutations
  6346 | D:7      | Reached skill level 5 in Ice Magic
  6346 | D:7      | Reached XP level 10. HP: 63/70 MP: 16/16
  6397 | D:7      | Learned a level 3 spell: Frozen Ramparts
  6446 | D:7      | Found a flagged portal.
  6473 | Bailey   | Entered a bailey
  6791 | Bailey   | HP: 2/70 [gnoll bouda/+0 halberd (6)]
  6792 | Bailey   | Slain by a gnoll

Illustrated notes

Levels and vault maps discovered:
D:1:      minmay_arrival_radiant_lines, layout_loops_ring
D:2:      layout_basic
D:3:      layout_loops_ring, serial_aquarium, aquarium_bridge_long_separate
          [aquarium_subvault_bridge, aquarium_subvault_bridge,
          aquarium_subvault_balcony, aquarium_subvault_bridge,
          aquarium_subvault_bridge, aquarium_subvault_bridge],
          aquarium_window_1, aquarium_window_1, aquarium_window_corridor_3,
          aquarium_view_2d, aquarium_view_2b, cheibrodos_sewer_entry_bend
D:4:      layout_basic, nicolae_vehumet_altar_sigil,
          mainiacjoe_overflow_24_doors, minmay_temple_entry_statues_pillars,
          serial_shops, shop
D:5:      layout_basic, kennysheep_little_box, solitary_fountain
D:6:      layout_loops_ring, general_overflow_altar, uniq_maggie,
          uniq_crazy_yiuf_cottage
D:7:      layout_rooms, kennysheep_mini, enter_bailey_2
Temple:   jpeg_temple_clearing
Bailey:   bailey_polearm_gnolls_kennysheep, bailey

Skill      XL: |  1  2  3  4  5  6  7  8  9 10 |
---------------+-------------------------------+-----
Fighting       | 3 |  3.0
Unarmed Combat | 4 5 8 10 | 10.0
Dodging        | 5 |  5.5
Throwing       | 3 4 |  4.8
Spellcasting   | 1 4 |  4.7
Ice Magic      | 2 5 |  5.7
Air Magic      | 1 3 4 |  4.2
Transmutations | 5 6 |  6.1

Action                   |  1- 3 |  4- 6 |  7- 9 | 10-12 || total
-------------------------+-------+-------+-------+-------++-------
Melee: Dagger            |   197 |   182 |       |       ||   379
       Unarmed           |    12 |   195 |   106 |       ||   313
       Punch             |     8 |     6 |    10 |     4 ||    28
       Tailslap          |       |    12 |       |       ||    12
       War axe           |       |       |   109 |    69 ||   178
Throw: Dart              |       |       |     9 |       ||     9
       Boomerang         |       |       |       |     3 ||     3
  Use: Scroll            |       |    10 |     5 |       ||    15
       Potion            |       |       |       |     1 ||     1
 Stab: Sleeping          |       |     3 |       |       ||     3
Armor: Leather armour    |     9 |       |       |       ||     9
       Chain mail        |    11 |       |       |       ||    11
       Ring mail         |    54 |   135 |    85 |       ||   274
       Swamp dragon scal |       |       |    28 |    78 ||   106
Dodge: Dodged            |   157 |   230 |   121 |   124 ||   632

Table legend: (Time is in decaauts)
 A = Elapsed time spent in this place.
 B = Non-inter-level travel time spent in this place.
 C = Inter-level travel time spent in this place.
 D = Time resting spent in this place.
 E = Time spent auto-exploring this place.
 F = Levels seen in this place.
 G = Mean time per level.
                   A        B        C        D        E       F      G
               +--------+--------+--------+--------+--------+-----+--------+
         Total |   6701 |   6526 |    175 |    817 |   3545 |  10 |  670.1 |
       Dungeon |   5683 |   5519 |    164 |    534 |   3477 |   7 |  811.9 |
        Temple |    169 |    158 |     11 |      0 |     68 |   1 |  169.0 |
         Sewer |    532 |    532 |      0 |    134 |      0 |   1 |  532.0 |
        Bailey |    316 |    316 |      0 |    149 |      0 |   1 |  316.0 |
               +--------+--------+--------+--------+--------+-----+--------+

Top non-repeatable levels by time:
     D:6: 1113 daAuts
     D:4: 958 daAuts
     D:2: 923 daAuts
     D:3: 850 daAuts
     D:5: 835 daAuts
     D:1: 733 daAuts
   Sewer: 532 daAuts
  Bailey: 316 daAuts
     D:7: 269 daAuts
  Temple: 169 daAuts
